 Dungeon Sprint DCSS version 0.21.2 (webtiles) character file.

51 Fang the Skirmisher (level 3, -4/40 HPs)
             Began as a Gargoyle Berserker on Sept 27, 2018.
             Was an Elder of Trog.
             Slain by a gnoll
             ... wielding a +0 spear
              (7 damage)
             ... in the Dungeon (Sprint VII: "The Pits").
             The game lasted 00:01:10 (217 turns).

Fang the Skirmisher (Gargoyle Berserker)             Turns: 217, Time: 00:01:10

Health: -4/40      AC:  5    Str: 26    XL:     3   Next: 81%
Magic:  3/3        EV: 12    Int:  7    God:    Trog [****..]
Gold:   0          SH:  0    Dex:  9    Spells: 2/2 levels left

rFire    . . .     SeeInvis .   j - +2 hand axe
rCold    . . .     Gourm    .   (no shield)
rNeg     + . .     Faith    .   b - +0 animal skin
rPois    ∞         Spirit   .   (no helmet)
rElec    +         Reflect  .   (no cloak)
rCorr    .         Harm     .   (no gloves)
MR       .....     NoTele   +   (no boots)
Stlth    ..........             (no amulet)
HPRegen  0.13/turn              (no ring)
MPRegen  0.08/turn              (no ring)

@: berserking (expiring), very quick
A: negative energy resistance 1, electricity resistance, unbreathing,
petrification resistance, rot immunity, AC +3
a: Berserk, Trog's Hand, Brothers in Arms, Burn Spellbooks, Renounce Religion


You were in the Dungeon.
You worshipped Trog.
Trog was greatly pleased with you.
You were not hungry.

You visited 1 branch

Inventory:

Hand Weapons
 j - a +2 hand axe (weapon)
Armour
 b - a +0 animal skin (worn)
Scrolls
 i - a scroll of blinking
 k - 3 scrolls of remove curse
 l - a scroll of summoning
Potions
 a - 2 potions of invisibility
 d - a potion of curing
 e - a potion of heal wounds
 f - a potion of haste
 g - 4 potions of magic
 h - 3 potions of berserk rage
Comestibles
 c - 9 rations


   Skills:
 + Level 5.7 Fighting
 + Level 5.0 Axes
 + Level 3.1 Armour
 + Level 2.5 Dodging


You had 2 spell levels left.
You didn't know any spells.

Dungeon Overview and Level Annotations

Branches:
Dungeon (1/1)

Altars:
Cheibriados
Dithmenos
Elyvilon
Fedhas
Gozag
Hepliaklqana
Makhleb
Nemelex Xobeh
Okawaru
Qazlal
Ru
Sif Muna
Trog
Vehumet
Wu Jian
Xom
Yredelemnul
Zin
The Shining One
Beogh
Jiyva
Lugonu


Innate Abilities, Weirdness & Mutations

You are resistant to torment.
Your stone body is resilient. (AC +3)
You are immune to poison.
You resist negative energy. (rN+)
You are resistant to electric shocks. (rElec)
You can survive without breathing.
You are immune to petrification.
You are immune to rotting.


Message History

The gnoll hits you from afar with a spear.
* * * LOW HITPOINT WARNING * * *
Unknown command.
You hit the adder.
You kill the adder!
Trog accepts your kill.
You can now call in reinforcements.
Your Axes skill increases to level 5!
Unknown command.
The gnoll hits you but does no damage.
There is an open door, spattered with blood here.
Things that are here:
a gnoll corpse; a jackal corpse Unknown command.
You barely miss the gnoll. The gnoll hits you with a spear.
* * * LOW HITPOINT WARNING * * *
You completely miss the gnoll. You slash the gnoll!
The gnoll is almost dead.
The gnoll hits you with a spear!
You die...

##########.##..........
#...........'..........
#+#####'#####......#..#
#....†# #..........
#.....# ####'#####+
###†### #.......#
#.†...# #.......#
#....†# #.......#
####@## #...<...#
#..g.....##.......#
#........##.......#
###########.......#
#########


You could see a gnoll.

Vanquished Creatures
  A gnoll (D)
  2 adders (D)
  A river rat (D)
  An adder zombie (D)
  A leopard gecko (D)
  4 jackals (D)
  A quokka (D)
11 creatures vanquished.

Notes
Turn   | Place    | Note
-------+----------+-------------------------------------------
     0 | D        | Fang the Gargoyle Berserker began the quest for the Orb.
     0 | D        | Reached XP level 1. HP: 14/14 MP: 1/1
    17 | D        | Reached XP level 2. HP: 18/20 MP: 2/2
    54 | D        | Found a bloodstained altar of Trog.
    54 | D        | Found a deep blue altar of Sif Muna.
    54 | D        | Found a viscous altar of Jiyva.
    54 | D        | Found a hazy altar of Hepliaklqana.
    54 | D        | Found an opulent altar of Gozag.
    55 | D        | Found a glowing golden altar of the Shining One.
    55 | D        | Found a glowing silver altar of Zin.
    55 | D        | Found a basalt altar of Yredelemnul.
    55 | D        | Found a shimmering altar of Xom.
    55 | D        | Found an ornate altar of the Wu Jian Council.
    55 | D        | Found a sacrificial altar of Ru.
    55 | D        | Found a stormy altar of Qazlal.
    55 | D        | Found an iron altar of Okawaru.
    55 | D        | Found a sparkling altar of Nemelex Xobeh.
    55 | D        | Found a burning altar of Makhleb.
    55 | D        | Found a blossoming altar of Fedhas.
    55 | D        | Found a white marble altar of Elyvilon.
    55 | D        | Found a shadowy altar of Dithmenos.
    55 | D        | Found a snail-covered altar of Cheibriados.
    57 | D        | Found a radiant altar of Vehumet.
    57 | D        | Found a corrupted altar of Lugonu.
    57 | D        | Found a roughly hewn altar of Beogh.
   105 | D        | Reached ** piety under Trog
   160 | D        | Reached skill level 5 in Fighting
   160 | D        | Reached XP level 3. HP: 23/26 MP: 3/3
   202 | D        | Reached *** piety under Trog
   213 | D        | Reached **** piety under Trog
   213 | D        | Reached skill level 5 in Axes
   217 | D        | Slain by a gnoll

Skill      XL: |  1  2  3 |
---------------+----------+-----
Fighting       | 4 5 |  5.7
Axes           | 3 4 5 |  5.0
Dodging        | 2 |  2.5
Armour         | 3 |  3.1

Action                   || total
-------------------------++-------
Melee: Hand axe          ||    40
Invok: Berserk           ||     1
Armor: Animal skin       ||    12
Dodge: Dodged            ||    28
